1822 views
Uploaded 2022-12-28 19:16:03
Game version 1.32.10
27:31 long 4on4 ladder game on (8)Northshire_LV
Saved by DKnight
1822 views
Uploaded 2022-12-28 19:16:03
Game version 1.32.10
27:31 long 4on4 ladder game on (8)Northshire_LV


211 units @ 30.5k
/ 4.5k
93 buildings @ 12.7k
/ 4.7k


| Rod of Necromancy | 2 | 300 |
| Potion of Healing | 4 | 600 |
| Orb of Corruption | 2 | 750 |
| Dust of Appearance | 1 | 75 |
| Scroll of Healing | 2 | 500 |
| Scroll of Town Portal | 3 | 1050 |
| Potion of Lesser Invulnerability | 1 | 150 |
| total: | 15 | 3425g |
| Acolyte | 11 | 825 | / | 0 |
| Ghoul | 3 | 360 | / | 0 |
| Crypt Fiend | 17 | 3655 | / | 680 |
| Obsidian Statue | 8 | 1600 | / | 280 |
| Abomination | 6 | 1440 | / | 420 |
| total: | 45 | 7880g | / | 1380w |
| Spirit Tower | 4 | 580 | / | 160 |
| Crypt | 1 | 200 | / | 50 |
| Graveyard | 1 | 215 | / | 0 |
| Altar of Darkness | 1 | 180 | / | 50 |
| Ziggurat | 7 | 1050 | / | 350 |
| Tomb of Relics | 1 | 130 | / | 30 |
| Necropolis | 1 | 225 | / | 0 |
| Slaughterhouse | 2 | 280 | / | 270 |
| Halls of the Dead | 1 | 320 | / | 210 |
| Black Citadel | 2 | 650 | / | 460 |
| total: | 14 | 2280g | / | 750w |
| 0:03 | Acolyte |
| 0:03 | Acolyte |
| 0:09 | Crypt |
| 0:25 | Graveyard |
| 0:44 | Altar of Darkness |
| 0:58 | Ziggurat |
| 1:10 | Ghoul |
| 1:17 | Acolyte |
| 1:34 | Tomb of Relics |
| 1:49 | Ghoul |
| 1:58 | Ziggurat |
| 2:20 | Crypt Fiend |
| 2:50 | Crypt Fiend |
| 2:53 | Acolyte |
| 3:11 | Rod of Necromancy |
| 3:15 | Death Coil |
| 3:36 | Halls of the Dead |
| 3:57 | Crypt Fiend |
| 4:29 | Unholy Aura |
| 4:50 | Crypt Fiend |
| 5:08 | Ziggurat |
| 5:18 | Necropolis |
| 6:08 | Rod of Necromancy |
| 6:15 | Acolyte |
| 6:33 | Slaughterhouse |
| 6:53 | Death Coil |
| 7:01 | Potion of Healing |
| 7:03 | Black Citadel |
| 7:05 | Death Coil |
| 7:07 | Acolyte |
| 7:07 | Acolyte |
| 7:13 | Frost Nova |
| 7:20 | Burrow |
| 7:31 | Ghoul |
| 7:53 | Potion of Lesser Invulnerability |
| 8:09 | Obsidian Statue |
| 8:15 | Slaughterhouse |
| 9:03 | Obsidian Statue |
| 9:32 | Spirit Tower |
| 9:35 | Spirit Tower |
| 9:41 | Ziggurat |
| 10:09 | Disease Cloud |
| 10:10 | Abomination |
| 10:25 | Ziggurat |
| 10:33 | Dust of Appearance |
| 11:02 | Web |
| 11:03 | Abomination |
| 11:23 | Backpack |
| 11:29 | Crypt Fiend |
| 11:55 | Frost Armor |
| 12:03 | Ziggurat |
| 12:04 | Unholy Strength |
| 12:05 | Unholy Armor |
| 12:07 | Orb of Corruption |
| 12:07 | Scroll of Healing |
| 12:31 | Abomination |
| 12:36 | Spirit Tower |
| 13:20 | Crypt Fiend |
| 13:27 | Acolyte |
| 13:28 | Acolyte |
| 13:28 | Acolyte |
| 13:28 | Acolyte |
| 13:38 | Potion of Healing |
| 13:40 | Scroll of Town Portal |
| 13:42 | Crypt Fiend |
| 13:43 | Abomination |
| 13:47 | Improved Unholy Strength |
| 14:06 | Crypt Fiend |
| 14:32 | Destroyer Form |
| 15:52 | Ziggurat |
| 16:22 | Unholy Aura |
| 16:34 | Crypt Fiend |
| 16:35 | Abomination |
| 16:45 | Crypt Fiend |
| 16:48 | Obsidian Statue |
| 16:48 | Obsidian Statue |
| 16:53 | Potion of Healing |
| 17:19 | Creature Attack |
| 17:20 | Creature Carapace |
| 17:39 | Scroll of Town Portal |
| 18:30 | Obsidian Statue |
| 19:37 | Frost Nova |
| 20:02 | Crypt Fiend |
| 20:11 | Scroll of Town Portal |
| 20:20 | Improved Creature Attack |
| 20:20 | Improved Creature Carapace |
| 21:34 | Death Coil |
| 21:54 | Crypt Fiend |
| 22:25 | Crypt Fiend |
| 22:29 | Obsidian Statue |
| 22:45 | Dark Ritual |
| 23:06 | Crypt Fiend |
| 24:14 | Crypt Fiend |
| 24:16 | Obsidian Statue |
| 24:26 | Potion of Healing |
| 24:26 | Orb of Corruption |
| 24:28 | Scroll of Healing |
| 25:48 | Obsidian Statue |
| 25:48 | Crypt Fiend |
| 26:22 | Crypt Fiend |
| 26:25 | Abomination |
| 26:44 | Frost Nova |
| Right click | 1365 |
| Select group | 1072 |
| Select | 584 |
| Misc. action | 171 |
| Build/train/purchase | 157 |
| Assign group | 78 |
| Use ability | 66 |
| Item give/drop | 7 |
| Minimap ping | 5 |
| Remove unit | 1 |

| Scroll of Town Portal | 1 | 350 |
| total: | 1 | 350g |
| Peasant | 7 | 525 | / | 0 |
| Footman | 17 | 2295 | / | 0 |
| Rifleman | 8 | 1640 | / | 240 |
| Knight | 6 | 1470 | / | 360 |
| Flying Machine | 10 | 1000 | / | 300 |
| total: | 48 | 6930g | / | 900w |
| Scout Tower | 2 | 60 | / | 40 |
| Guard Tower | 2 | 140 | / | 100 |
| Barracks | 1 | 160 | / | 60 |
| Altar of Kings | 1 | 180 | / | 50 |
| Farm | 8 | 640 | / | 160 |
| Lumber Mill | 1 | 120 | / | 0 |
| Blacksmith | 1 | 140 | / | 60 |
| Arcane Vault | 1 | 130 | / | 30 |
| Town Hall | 1 | 385 | / | 205 |
| Workshop | 1 | 140 | / | 140 |
| Keep | 2 | 640 | / | 420 |
| Castle | 1 | 360 | / | 210 |
| total: | 17 | 1955g | / | 745w |
| 0:04 | Peasant |
| 0:04 | Peasant |
| 0:06 | Peasant |
| 0:10 | Barracks |
| 0:14 | Altar of Kings |
| 0:26 | Farm |
| 0:59 | Lumber Mill |
| 1:01 | Peasant |
| 1:06 | Farm |
| 1:22 | Footman |
| 1:36 | Footman |
| 1:36 | Footman |
| 1:50 | Footman |
| 2:04 | Farm |
| 2:11 | Footman |
| 2:21 | Improved Lumber Harvesting |
| 2:39 | Summon Water Elemental |
| 2:56 | Farm |
| 3:01 | Footman |
| 3:02 | Footman |
| 3:41 | Footman |
| 3:41 | Footman |
| 4:10 | Footman |
| 4:36 | Blacksmith |
| 4:40 | Keep |
| 5:11 | Defend |
| 5:12 | Footman |
| 5:44 | Footman |
| 5:45 | Footman |
| 6:09 | Farm |
| 6:14 | Rifleman |
| 6:17 | Footman |
| 6:43 | Rifleman |
| 6:45 | Iron Forged Swords |
| 6:58 | Farm |
| 7:13 | Blizzard |
| 7:50 | Summon Water Elemental |
| 8:28 | Castle |
| 8:41 | Long Rifles |
| 8:42 | Rifleman |
| 8:42 | Footman |
| 8:49 | Advanced Lumber Harvesting |
| 9:32 | Arcane Vault |
| 9:51 | Scout Tower |
| 9:57 | Footman |
| 9:59 | Footman |
| 10:31 | Guard Tower |
| 10:35 | Scout Tower |
| 11:01 | Guard Tower |
| 11:06 | Peasant |
| 11:16 | Peasant |
| 11:29 | Animal War Training |
| 11:38 | Scroll of Town Portal |
| 12:11 | Knight |
| 12:32 | Knight |
| 13:12 | Town Hall |
| 13:45 | Rifleman |
| 14:21 | Rifleman |
| 14:29 | Knight |
| 15:42 | Blizzard |
| 15:54 | Farm |
| 15:56 | Rifleman |
| 15:58 | Rifleman |
| 16:01 | Knight |
| 16:34 | Knight |
| 16:58 | Knight |
| 17:09 | Peasant |
| 17:28 | Workshop |
| 17:54 | Rifleman |
| 19:41 | Flying Machine |
| 19:44 | Flying Machine Bombs |
| 19:45 | Flak Cannons |
| 19:48 | Flying Machine |
| 20:10 | Flying Machine |
| 20:10 | Flying Machine |
| 21:20 | Flying Machine |
| 21:20 | Flying Machine |
| 21:21 | Flying Machine |
| 21:21 | Flying Machine |
| 21:21 | Flying Machine |
| 21:23 | Flying Machine |
| 21:34 | Farm |
| Right click | 301 |
| Select | 279 |
| Build/train/purchase | 91 |
| Chat | 13 |
| Use ability | 9 |
| Minimap ping | 8 |
| Remove unit | 3 |


| Rod of Necromancy | 1 | 150 |
| Potion of Healing | 6 | 900 |
| Scroll of Town Portal | 1 | 350 |
| Boots of Speed | 1 | 250 |
| total: | 9 | 1650g |
| Acolyte | 15 | 1125 | / | 0 |
| Ghoul | 11 | 1320 | / | 0 |
| Banshee | 7 | 1085 | / | 210 |
| Necromancer | 6 | 870 | / | 120 |
| Obsidian Statue | 5 | 1000 | / | 175 |
| Crypt Fiend | 5 | 1075 | / | 200 |
| Goblin Shredder | 2 | 750 | / | 200 |
| total: | 51 | 7225g | / | 905w |
| Spirit Tower | 6 | 870 | / | 240 |
| Nerubian Tower | 3 | 300 | / | 60 |
| Altar of Darkness | 3 | 540 | / | 150 |
| Ziggurat | 12 | 1800 | / | 600 |
| Crypt | 2 | 400 | / | 100 |
| Graveyard | 1 | 215 | / | 0 |
| Tomb of Relics | 1 | 130 | / | 30 |
| Necropolis | 2 | 450 | / | 0 |
| Temple of the Damned | 1 | 155 | / | 140 |
| Slaughterhouse | 1 | 140 | / | 135 |
| Halls of the Dead | 4 | 1280 | / | 840 |
| Black Citadel | 3 | 975 | / | 690 |
| total: | 23 | 3830g | / | 1155w |
| 0:09 | Altar of Darkness |
| 0:13 | Ziggurat |
| 0:18 | Crypt |
| 0:29 | Acolyte |
| 0:44 | Acolyte |
| 0:52 | Acolyte |
| 1:13 | Ziggurat |
| 1:25 | Ghoul |
| 1:49 | Ghoul |
| 1:50 | Ghoul |
| 2:14 | Graveyard |
| 2:35 | Rain of Fire |
| 2:39 | Ghoul |
| 2:39 | Ghoul |
| 3:03 | Halls of the Dead |
| 3:05 | Cannibalize |
| 3:48 | Ghoul |
| 3:48 | Ghoul |
| 3:51 | Ziggurat |
| 3:54 | Tomb of Relics |
| 4:20 | Ghoul |
| 4:44 | Ziggurat |
| 4:52 | Unholy Strength |
| 5:01 | Rod of Necromancy |
| 5:03 | Cleaving Attack |
| 5:46 | Temple of the Damned |
| 6:25 | Goblin Shredder |
| 6:25 | Goblin Shredder |
| 6:37 | Sleep |
| 7:30 | Banshee Adept Training |
| 7:30 | Banshee |
| 7:31 | Banshee |
| 7:53 | Potion of Healing |
| 7:57 | Potion of Healing |
| 8:59 | Rain of Fire |
| 9:28 | Spirit Tower |
| 9:34 | Acolyte |
| 9:41 | Banshee |
| 9:48 | Unholy Armor |
| 10:03 | Acolyte |
| 10:04 | Acolyte |
| 10:04 | Acolyte |
| 10:36 | Boots of Speed |
| 11:17 | Ziggurat |
| 11:20 | Acolyte |
| 11:26 | Necromancer Adept Training |
| 11:27 | Necromancer |
| 11:27 | Necromancer |
| 12:06 | Vampiric Aura |
| 12:28 | Nerubian Tower |
| 12:32 | Slaughterhouse |
| 12:37 | Necropolis |
| 12:41 | Ziggurat |
| 13:50 | Obsidian Statue |
| 13:51 | Obsidian Statue |
| 13:55 | Ghoul |
| 13:55 | Ghoul |
| 13:56 | Ghoul |
| 13:59 | Black Citadel |
| 14:11 | Spirit Tower |
| 14:13 | Ziggurat |
| 14:16 | Ziggurat |
| 14:21 | Ziggurat |
| 14:22 | Halls of the Dead |
| 14:27 | Potion of Healing |
| 14:27 | Potion of Healing |
| 14:27 | Potion of Healing |
| 14:27 | Potion of Healing |
| 14:43 | Necromancer |
| 14:44 | Banshee |
| 15:06 | Spirit Tower |
| 15:11 | Spirit Tower |
| 15:13 | Nerubian Tower |
| 16:33 | Destroyer Form |
| 16:34 | Obsidian Statue |
| 16:34 | Obsidian Statue |
| 16:36 | Banshee Master Training |
| 16:36 | Banshee |
| 16:37 | Banshee |
| 16:37 | Banshee |
| 16:50 | Acolyte |
| 16:50 | Acolyte |
| 16:51 | Acolyte |
| 17:12 | Ziggurat |
| 17:29 | Acolyte |
| 17:30 | Acolyte |
| 17:30 | Acolyte |
| 17:43 | Ziggurat |
| 18:06 | Nerubian Tower |
| 18:10 | Ziggurat |
| 18:28 | Scroll of Town Portal |
| 19:03 | Altar of Darkness |
| 19:05 | Necromancer |
| 19:05 | Necromancer |
| 19:07 | Obsidian Statue |
| 19:58 | Howl of Terror |
| 20:04 | Necromancer Master Training |
| 20:05 | Necromancer |
| 20:12 | Spirit Tower |
| 21:15 | Altar of Darkness |
| 21:21 | Crypt |
| 21:29 | Acolyte |
| 21:50 | Spirit Tower |
| 22:13 | Black Citadel |
| 22:17 | Necropolis |
| 22:25 | Web |
| 22:25 | Crypt Fiend |
| 22:25 | Crypt Fiend |
| 22:25 | Crypt Fiend |
| 22:26 | Crypt Fiend |
| 22:26 | Crypt Fiend |
| Right click | 594 |
| Select | 369 |
| Build/train/purchase | 116 |
| Chat | 78 |
| Use ability | 36 |
| Minimap ping | 7 |
| Resource trade | 5 |
| Item give/drop | 3 |
| Remove unit | 2 |


| Scroll of Regeneration | 4 | 400 |
| Lesser Clarity Potion | 1 | 70 |
| Potion of Mana | 2 | 400 |
| Staff of Sanctuary | 1 | 250 |
| Orb of Fire | 1 | 325 |
| Potion of Healing | 2 | 300 |
| Scroll of Town Portal | 2 | 700 |
| Scroll of Healing | 1 | 250 |
| total: | 14 | 2695g |
| Peasant | 31 | 2325 | / | 0 |
| Footman | 8 | 1080 | / | 0 |
| Gryphon Rider | 8 | 2240 | / | 560 |
| Dragonhawk Rider | 3 | 600 | / | 90 |
| Flying Machine | 14 | 1400 | / | 420 |
| Goblin Shredder | 1 | 375 | / | 100 |
| Goblin Zeppelin | 2 | 480 | / | 120 |
| total: | 67 | 8500g | / | 1290w |
| Farm | 23 | 1840 | / | 460 |
| Altar of Kings | 2 | 360 | / | 100 |
| Barracks | 1 | 160 | / | 60 |
| Town Hall | 2 | 770 | / | 410 |
| Arcane Vault | 3 | 390 | / | 90 |
| Blacksmith | 1 | 140 | / | 60 |
| Lumber Mill | 1 | 120 | / | 0 |
| Gryphon Aviary | 3 | 420 | / | 450 |
| Workshop | 3 | 420 | / | 420 |
| Keep | 2 | 640 | / | 420 |
| Castle | 2 | 720 | / | 420 |
| total: | 39 | 4620g | / | 2050w |
| 0:15 | Peasant |
| 0:15 | Peasant |
| 0:22 | Farm |
| 0:26 | Altar of Kings |
| 0:33 | Barracks |
| 0:39 | Peasant |
| 0:57 | Farm |
| 0:59 | Peasant |
| 1:12 | Peasant |
| 1:28 | Peasant |
| 1:36 | Footman |
| 1:44 | Peasant |
| 1:59 | Footman |
| 2:02 | Farm |
| 2:05 | Peasant |
| 2:28 | Peasant |
| 2:31 | Peasant |
| 3:06 | Footman |
| 3:16 | Thunder Clap |
| 3:18 | Peasant |
| 3:18 | Peasant |
| 3:52 | Town Hall |
| 4:05 | Keep |
| 4:08 | Storm Bolt |
| 4:32 | Arcane Vault |
| 4:49 | Farm |
| 5:01 | Footman |
| 5:14 | Footman |
| 5:31 | Footman |
| 5:36 | Blacksmith |
| 5:46 | Goblin Shredder |
| 5:52 | Defend |
| 5:55 | Lumber Mill |
| 6:04 | Thunder Clap |
| 6:30 | Scroll of Regeneration |
| 6:33 | Lesser Clarity Potion |
| 6:36 | Potion of Mana |
| 6:47 | Castle |
| 7:00 | Improved Masonry |
| 7:01 | Advanced Masonry |
| 7:04 | Gryphon Aviary |
| 7:17 | Gryphon Aviary |
| 7:19 | Gryphon Aviary |
| 7:28 | Goblin Zeppelin |
| 7:35 | Siphon Mana |
| 7:44 | Iron Forged Swords |
| 7:44 | Steel Forged Swords |
| 7:46 | Farm |
| 7:47 | Farm |
| 7:47 | Farm |
| 7:47 | Farm |
| 7:48 | Farm |
| 7:48 | Farm |
| 7:48 | Farm |
| 7:49 | Farm |
| 7:50 | Farm |
| 7:50 | Farm |
| 8:28 | Footman |
| 8:28 | Footman |
| 9:34 | Peasant |
| 9:35 | Peasant |
| 9:35 | Peasant |
| 9:38 | Arcane Vault |
| 9:41 | Animal War Training |
| 9:42 | Imbued Masonry |
| 10:06 | Mithril Forged Swords |
| 10:10 | Farm |
| 10:22 | Storm Hammers |
| 10:23 | Cloud |
| 10:28 | Farm |
| 10:29 | Farm |
| 10:29 | Farm |
| 10:29 | Farm |
| 10:30 | Farm |
| 10:30 | Farm |
| 10:31 | Farm |
| 10:46 | Peasant |
| 10:47 | Peasant |
| 11:08 | Scroll of Regeneration |
| 11:09 | Scroll of Regeneration |
| 11:09 | Staff of Sanctuary |
| 11:11 | Orb of Fire |
| 11:17 | Gryphon Rider |
| 11:22 | Farm |
| 12:58 | Goblin Zeppelin |
| 13:04 | Scroll of Town Portal |
| 13:04 | Scroll of Regeneration |
| 13:05 | Potion of Healing |
| 13:05 | Potion of Mana |
| 13:09 | Gryphon Rider |
| 13:41 | Peasant |
| 13:41 | Peasant |
| 13:56 | Banish |
| 15:05 | Gryphon Rider |
| 15:12 | Peasant |
| 15:12 | Peasant |
| 15:12 | Peasant |
| 15:12 | Peasant |
| 15:12 | Peasant |
| 15:13 | Peasant |
| 16:26 | Peasant |
| 16:27 | Peasant |
| 17:23 | Storm Bolt |
| 18:35 | Town Hall |
| 19:10 | Peasant |
| 19:15 | Scroll of Town Portal |
| 19:24 | Peasant |
| 20:09 | Storm Bolt |
| 20:19 | Peasant |
| 20:19 | Peasant |
| 20:30 | Siphon Mana |
| 20:30 | Banish |
| 20:34 | Gryphon Rider |
| 21:23 | Gryphon Rider |
| 21:28 | Scroll of Healing |
| 21:52 | Gryphon Rider |
| 22:27 | Gryphon Rider |
| 22:42 | Gryphon Rider |
| 22:59 | Arcane Vault |
| 23:36 | Dragonhawk Rider |
| 23:55 | Potion of Healing |
| 24:01 | Dragonhawk Rider |
| 24:01 | Dragonhawk Rider |
| 25:54 | Altar of Kings |
| 26:04 | Flying Machine |
| 26:04 | Flying Machine |
| 26:05 | Flying Machine |
| 26:05 | Flying Machine |
| 26:05 | Flying Machine |
| 26:05 | Flying Machine |
| 26:05 | Flying Machine |
| 26:05 | Flying Machine |
| 26:11 | Workshop |
| 26:12 | Workshop |
| 26:28 | Black Gunpowder |
| 26:29 | Iron Plating |
| 26:31 | Workshop |
| 26:55 | Siphon Mana |
| 27:30 | Flying Machine |
| 27:30 | Flying Machine |
| 27:30 | Flying Machine |
| 27:30 | Flying Machine |
| 27:30 | Flying Machine |
| 27:30 | Flying Machine |
| Right click | 1432 |
| Select group | 577 |
| Select | 450 |
| Build/train/purchase | 175 |
| Use ability | 139 |
| Assign group | 31 |
| Misc. action | 25 |
| Esc | 6 |
| Item give/drop | 4 |
| Chat | 4 |
131 units @ 20.6k
/ 3.8k
99 buildings @ 12.4k
/ 5.1k


| Healing Salve | 2 | 200 |
| Scroll of Town Portal | 4 | 1400 |
| total: | 6 | 1600g |
| Peon | 16 | 1200 | / | 0 |
| Grunt | 4 | 800 | / | 0 |
| Troll Headhunter | 3 | 420 | / | 60 |
| Wind Rider | 4 | 1060 | / | 160 |
| Shaman | 4 | 520 | / | 80 |
| Troll Berserker | 5 | 700 | / | 100 |
| total: | 36 | 4700g | / | 400w |
| Altar of Storms | 1 | 180 | / | 50 |
| Orc Burrow | 7 | 1120 | / | 280 |
| Barracks | 1 | 180 | / | 50 |
| War Mill | 1 | 205 | / | 0 |
| Voodoo Lounge | 1 | 130 | / | 30 |
| Great Hall | 2 | 770 | / | 370 |
| Beastiary | 1 | 145 | / | 140 |
| Spirit Lodge | 1 | 150 | / | 150 |
| Stronghold | 1 | 315 | / | 190 |
| Fortress | 1 | 325 | / | 190 |
| total: | 15 | 2880g | / | 1070w |
| 0:02 | Peon |
| 0:03 | Peon |
| 0:19 | Altar of Storms |
| 0:22 | Orc Burrow |
| 0:25 | Barracks |
| 0:32 | Peon |
| 0:44 | Peon |
| 1:03 | Peon |
| 1:20 | Peon |
| 1:34 | Grunt |
| 1:39 | Orc Burrow |
| 1:43 | Peon |
| 2:07 | War Mill |
| 2:21 | Feral Spirit |
| 2:34 | Grunt |
| 2:40 | Voodoo Lounge |
| 3:11 | Stronghold |
| 3:33 | Chain Lighting |
| 3:44 | Grunt |
| 4:17 | Steel Armor |
| 4:18 | Grunt |
| 4:59 | Troll Headhunter |
| 5:02 | Orc Burrow |
| 5:14 | Healing Salve |
| 5:41 | Beastiary |
| 5:45 | Steel Ranged Weapons |
| 5:46 | Fortress |
| 6:00 | Berserker Strength |
| 6:13 | Feral Spirit |
| 6:54 | Spirit Lodge |
| 6:57 | Orc Burrow |
| 7:01 | Healing Wave |
| 7:08 | Healing Salve |
| 7:11 | Troll Headhunter |
| 7:14 | Wind Rider |
| 7:34 | Thorium Armor |
| 8:12 | Peon |
| 8:26 | Shaman Adept Training |
| 9:07 | Berserker Upgrade |
| 9:36 | Thorium Ranged Weapons |
| 9:41 | Shaman Master Training |
| 9:42 | Troll Headhunter |
| 9:49 | Great Hall |
| 10:15 | Serpent Ward |
| 10:18 | Chain Lighting |
| 10:53 | Shaman |
| 10:53 | Shaman |
| 10:55 | Arcanite Ranged Weapons |
| 10:56 | Troll Berserker |
| 11:03 | Orc Burrow |
| 11:16 | Wind Rider |
| 11:32 | Scroll of Town Portal |
| 11:59 | Troll Berserker |
| 12:00 | Wind Rider |
| 12:25 | Troll Berserker |
| 13:30 | Shaman |
| 13:31 | Troll Berserker |
| 13:35 | Peon |
| 13:35 | Peon |
| 13:35 | Peon |
| 13:35 | Peon |
| 13:51 | Healing Wave |
| 14:18 | Shaman |
| 14:20 | Wind Rider |
| 14:21 | Troll Berserker |
| 15:36 | Scroll of Town Portal |
| 17:39 | Scroll of Town Portal |
| 17:57 | Feral Spirit |
| 18:05 | Orc Burrow |
| 18:07 | Orc Burrow |
| 18:22 | Great Hall |
| 18:26 | Scroll of Town Portal |
| 21:01 | Peon |
| 21:02 | Peon |
| 21:02 | Peon |
| 21:03 | Peon |
| Right click | 198 |
| Select | 197 |
| Select group | 162 |
| Build/train/purchase | 83 |
| Misc. action | 79 |
| Use ability | 42 |
| Assign group | 40 |
| Resource trade | 14 |
| Minimap ping | 9 |
| Chat | 6 |
| Item give/drop | 4 |
BeaStFroG
(2)
(27:31) : 

| Scroll of Regeneration | 2 | 200 |
| Lesser Clarity Potion | 1 | 70 |
| Potion of Mana | 1 | 200 |
| Scroll of Town Portal | 6 | 2100 |
| Potion of Invisibility | 3 | 300 |
| Staff of Teleportation | 1 | 150 |
| Boots of Speed | 1 | 250 |
| Potion of Lesser Invulnerability | 2 | 300 |
| total: | 17 | 3570g |
| Peasant | 10 | 750 | / | 0 |
| Footman | 5 | 675 | / | 0 |
| Spell Breaker | 3 | 645 | / | 90 |
| Priest | 4 | 540 | / | 40 |
| Mortar Team | 7 | 1260 | / | 490 |
| Flying Machine | 7 | 700 | / | 210 |
| Siege Engine | 4 | 780 | / | 240 |
| Goblin Shredder | 1 | 375 | / | 100 |
| Goblin Zeppelin | 1 | 240 | / | 60 |
| Goblin Sapper | 1 | 215 | / | 100 |
| total: | 43 | 6180g | / | 1330w |
| Scout Tower | 10 | 300 | / | 200 |
| Arcane Tower | 2 | 140 | / | 100 |
| Guard Tower | 8 | 560 | / | 400 |
| Barracks | 1 | 160 | / | 60 |
| Altar of Kings | 1 | 180 | / | 50 |
| Farm | 17 | 1360 | / | 340 |
| Arcane Vault | 2 | 260 | / | 60 |
| Lumber Mill | 1 | 120 | / | 0 |
| Town Hall | 2 | 770 | / | 410 |
| Blacksmith | 1 | 140 | / | 60 |
| Arcane Sanctum | 4 | 600 | / | 560 |
| Workshop | 3 | 420 | / | 420 |
| Keep | 1 | 320 | / | 210 |
| Castle | 1 | 360 | / | 210 |
| total: | 42 | 4310g | / | 2160w |
| 0:02 | Peasant |
| 0:02 | Peasant |
| 0:14 | Barracks |
| 0:18 | Altar of Kings |
| 0:22 | Farm |
| 0:25 | Farm |
| 0:29 | Peasant |
| 0:46 | Peasant |
| 0:53 | Peasant |
| 1:03 | Farm |
| 1:12 | Peasant |
| 1:20 | Footman |
| 1:29 | Peasant |
| 1:43 | Scout Tower |
| 1:45 | Footman |
| 1:57 | Peasant |
| 2:08 | Footman |
| 2:12 | Arcane Tower |
| 2:21 | Holy Light |
| 2:26 | Arcane Vault |
| 2:29 | Arcane Vault |
| 2:59 | Farm |
| 3:02 | Farm |
| 3:07 | Farm |
| 3:10 | Lumber Mill |
| 3:40 | Footman |
| 3:46 | Farm |
| 3:49 | Footman |
| 4:23 | Peasant |
| 4:37 | Scroll of Regeneration |
| 4:42 | Divine Shield |
| 4:46 | Improved Lumber Harvesting |
| 4:48 | Scout Tower |
| 4:50 | Scout Tower |
| 5:05 | Goblin Shredder |
| 5:18 | Guard Tower |
| 5:20 | Guard Tower |
| 5:25 | Farm |
| 5:59 | Holy Light |
| 6:02 | Town Hall |
| 6:07 | Scout Tower |
| 6:17 | Scroll of Regeneration |
| 6:18 | Lesser Clarity Potion |
| 6:51 | Arcane Tower |
| 6:53 | Scout Tower |
| 7:00 | Defend |
| 7:11 | Scout Tower |
| 7:13 | Scout Tower |
| 7:22 | Goblin Zeppelin |
| 7:28 | Guard Tower |
| 7:40 | Keep |
| 7:44 | Guard Tower |
| 7:54 | Guard Tower |
| 7:59 | Scout Tower |
| 8:27 | Guard Tower |
| 8:29 | Blacksmith |
| 8:38 | Scout Tower |
| 8:41 | Farm |
| 8:43 | Improved Masonry |
| 9:01 | Goblin Sapper |
| 9:11 | Farm |
| 9:33 | Guard Tower |
| 9:46 | Farm |
| 9:46 | Farm |
| 9:54 | Scout Tower |
| 10:00 | Farm |
| 10:00 | Farm |
| 10:03 | Farm |
| 10:10 | Advanced Lumber Harvesting |
| 10:10 | Advanced Masonry |
| 10:15 | Arcane Sanctum |
| 10:18 | Peasant |
| 10:20 | Arcane Sanctum |
| 10:25 | Potion of Invisibility |
| 10:28 | Staff of Teleportation |
| 10:28 | Boots of Speed |
| 10:42 | Scroll of Town Portal |
| 10:56 | Scroll of Town Portal |
| 11:06 | Siphon Mana |
| 11:16 | Arcane Sanctum |
| 11:34 | Potion of Invisibility |
| 11:34 | Potion of Lesser Invulnerability |
| 11:58 | Guard Tower |
| 11:59 | Spell Breaker |
| 12:11 | Workshop |
| 12:15 | Workshop |
| 12:29 | Priest |
| 13:17 | Priest Adept Training |
| 13:18 | Mortar Team |
| 13:28 | Mortar Team |
| 13:38 | Black Gunpowder |
| 13:54 | Mortar Team |
| 14:09 | Arcane Sanctum |
| 14:15 | Priest |
| 14:16 | Potion of Invisibility |
| 14:17 | Potion of Lesser Invulnerability |
| 14:29 | Mortar Team |
| 15:15 | Mortar Team |
| 15:15 | Mortar Team |
| 15:41 | Divine Shield |
| 16:31 | Banish |
| 16:59 | Scroll of Town Portal |
| 17:00 | Flying Machine |
| 17:01 | Flak Cannons |
| 17:35 | Flying Machine |
| 17:46 | Priest |
| 18:08 | Mortar Team |
| 18:09 | Priest |
| 18:10 | Flying Machine |
| 18:31 | Flying Machine |
| 18:56 | Flying Machine |
| 19:11 | Scroll of Town Portal |
| 19:26 | Spell Breaker |
| 19:39 | Farm |
| 19:40 | Farm |
| 20:29 | Flying Machine |
| 20:57 | Castle |
| 21:14 | Siphon Mana |
| 21:21 | Spell Breaker |
| 21:54 | Holy Light |
| 22:27 | Flying Machine |
| 22:56 | Workshop |
| 23:36 | Barrage |
| 23:37 | Siege Engine |
| 24:22 | Siege Engine |
| 25:20 | Siege Engine |
| 25:54 | Siege Engine |
| 25:58 | Iron Plating |
| 26:08 | Scroll of Town Portal |
| 26:22 | Town Hall |
| 27:25 | Potion of Mana |
| 27:25 | Scroll of Town Portal |
| 27:28 | Banish |
| Right click | 1788 |
| Select group | 1067 |
| Select | 382 |
| Build/train/purchase | 133 |
| Misc. action | 91 |
| Use ability | 86 |
| Assign group | 70 |
| Resource trade | 23 |
| Esc | 12 |
| Item give/drop | 3 |
| Minimap ping | 3 |



| Scroll of Town Portal | 3 | 1050 |
| Potion of Lesser Invulnerability | 1 | 150 |
| total: | 4 | 1200g |
| Acolyte | 7 | 525 | / | 0 |
| Ghoul | 2 | 240 | / | 0 |
| Crypt Fiend | 6 | 1290 | / | 240 |
| Gargoyle | 3 | 525 | / | 90 |
| Frost Wyrm | 12 | 4620 | / | 1440 |
| Goblin Shredder | 1 | 375 | / | 100 |
| total: | 31 | 7575g | / | 1870w |
| Nerubian Tower | 2 | 200 | / | 40 |
| Spirit Tower | 7 | 1015 | / | 280 |
| Ziggurat | 12 | 1800 | / | 600 |
| Crypt | 1 | 200 | / | 50 |
| Altar of Darkness | 1 | 180 | / | 50 |
| Graveyard | 1 | 215 | / | 0 |
| Tomb of Relics | 2 | 260 | / | 60 |
| Necropolis | 1 | 225 | / | 0 |
| Boneyard | 3 | 525 | / | 600 |
| Halls of the Dead | 1 | 320 | / | 210 |
| Black Citadel | 1 | 325 | / | 230 |
| total: | 21 | 3405g | / | 1360w |
| 0:03 | Acolyte |
| 0:03 | Acolyte |
| 0:09 | Ziggurat |
| 0:21 | Crypt |
| 0:43 | Altar of Darkness |
| 0:48 | Acolyte |
| 1:09 | Graveyard |
| 1:24 | Ghoul |
| 1:36 | Ziggurat |
| 1:50 | Ghoul |
| 2:09 | Tomb of Relics |
| 2:19 | Acolyte |
| 2:30 | Crypt Fiend |
| 2:45 | Carrion Beetles |
| 3:00 | Crypt Fiend |
| 3:11 | Ziggurat |
| 3:27 | Crypt Fiend |
| 3:52 | Crypt Fiend |
| 3:55 | Acolyte |
| 4:07 | Acolyte |
| 4:22 | Spiked Carapace |
| 4:45 | Acolyte |
| 5:07 | Halls of the Dead |
| 5:34 | Goblin Shredder |
| 5:40 | Carrion Beetles |
| 5:55 | Crypt Fiend |
| 6:25 | Ziggurat |
| 6:33 | Necropolis |
| 6:37 | Ziggurat |
| 6:57 | Creature Attack |
| 6:58 | Creature Carapace |
| 7:19 | Crypt Fiend |
| 7:27 | Black Citadel |
| 7:52 | Nerubian Tower |
| 7:56 | Nerubian Tower |
| 8:00 | Web |
| 8:35 | Spirit Tower |
| 8:36 | Spirit Tower |
| 8:37 | Spirit Tower |
| 8:40 | Ziggurat |
| 8:46 | Ziggurat |
| 9:16 | Death Coil |
| 9:36 | Improved Creature Attack |
| 9:49 | Boneyard |
| 9:52 | Boneyard |
| 10:01 | Boneyard |
| 10:08 | Ziggurat |
| 10:11 | Spirit Tower |
| 10:27 | Gargoyle |
| 10:39 | Scroll of Town Portal |
| 11:06 | Frost Wyrm |
| 11:11 | Gargoyle |
| 11:23 | Frost Wyrm |
| 11:33 | Frost Nova |
| 12:06 | Frost Wyrm |
| 12:18 | Frost Wyrm |
| 12:27 | Freezing Breath |
| 12:54 | Spiked Carapace |
| 13:23 | Gargoyle |
| 13:25 | Advanced Creature Attack |
| 13:47 | Frost Wyrm |
| 13:55 | Frost Wyrm |
| 14:35 | Improved Creature Carapace |
| 14:57 | Unholy Aura |
| 15:49 | Frost Armor |
| 16:46 | Carrion Beetles |
| 16:47 | Unholy Aura |
| 16:48 | Frost Nova |
| 17:07 | Spirit Tower |
| 17:10 | Ziggurat |
| 17:11 | Ziggurat |
| 17:12 | Advanced Creature Carapace |
| 17:34 | Scroll of Town Portal |
| 17:34 | Potion of Lesser Invulnerability |
| 18:23 | Spirit Tower |
| 18:24 | Frost Wyrm |
| 18:36 | Spirit Tower |
| 20:14 | Frost Wyrm |
| 21:14 | Death Coil |
| 21:18 | Frost Wyrm |
| 22:19 | Frost Armor |
| 22:34 | Locust Swarm |
| 23:00 | Tomb of Relics |
| 23:03 | Frost Wyrm |
| 23:05 | Frost Wyrm |
| 23:08 | Ziggurat |
| 23:10 | Ziggurat |
| 23:56 | Unholy Aura |
| 24:13 | Frost Nova |
| 24:19 | Spiked Carapace |
| 24:45 | Frost Wyrm |
| 26:41 | Scroll of Town Portal |
| Right click | 470 |
| Select group | 294 |
| Select | 257 |
| Build/train/purchase | 87 |
| Assign group | 78 |
| Use ability | 41 |
| Misc. action | 18 |
| Resource trade | 17 |
| Minimap ping | 7 |
| Item give/drop | 3 |


x1)
| Lesser Clarity Potion | 2 | 140 |
| Scroll of Regeneration | 2 | 200 |
| Ivory Tower | 2 | 80 |
| Scroll of Town Portal | 1 | 350 |
| Tome of Retraining | 1 | 300 |
| Potion of Invisibility | 1 | 100 |
| Boots of Speed | 1 | 250 |
| Staff of Teleportation | 1 | 150 |
| Tiny Great Hall | 1 | 600 |
| total: | 12 | 2170g |
| Peasant | 17 | 1275 | / | 0 |
| Goblin Zeppelin | 2 | 480 | / | 120 |
| Rogue | 1 | 150 | / | 0 |
| Assassin | 1 | 250 | / | 30 |
| total: | 21 | 2155g | / | 150w |
| Scout Tower | 3 | 90 | / | 60 |
| Guard Tower | 1 | 70 | / | 50 |
| Altar of Kings | 2 | 360 | / | 100 |
| Farm | 14 | 1120 | / | 280 |
| Arcane Vault | 1 | 130 | / | 30 |
| Lumber Mill | 1 | 120 | / | 0 |
| Keep | 1 | 320 | / | 210 |
| total: | 21 | 1820g | / | 470w |
| 0:02 | Altar of Kings |
| 0:03 | Peasant |
| 0:04 | Peasant |
| 0:04 | Peasant |
| 0:25 | Farm |
| 0:41 | Farm |
| 0:57 | Peasant |
| 1:05 | Peasant |
| 1:10 | Peasant |
| 1:13 | Farm |
| 1:36 | Peasant |
| 1:37 | Peasant |
| 1:39 | Summon Water Elemental |
| 2:01 | Arcane Vault |
| 2:18 | Farm |
| 2:27 | Peasant |
| 2:52 | Peasant |
| 2:52 | Peasant |
| 3:17 | Brilliance Aura |
| 3:42 | Lumber Mill |
| 3:50 | Farm |
| 3:51 | Farm |
| 3:53 | Farm |
| 3:54 | Farm |
| 3:55 | Farm |
| 4:13 | Peasant |
| 5:11 | Keep |
| 5:24 | Summon Water Elemental |
| 6:03 | Farm |
| 6:04 | Farm |
| 6:36 | Rogue |
| 6:36 | Assassin |
| 7:14 | Farm |
| 7:15 | Farm |
| 7:26 | Brilliance Aura |
| 7:51 | Tome of Retraining |
| 7:51 | Retrain Hero |
| 7:55 | Potion of Invisibility |
| 7:57 | Boots of Speed |
| 8:00 | Staff of Teleportation |
| 8:02 | Blizzard |
| 8:02 | Blizzard |
| 8:02 | Blizzard |
| 8:03 | Brilliance Aura |
| 8:30 | Brilliance Aura |
| 9:17 | Peasant |
| 9:17 | Peasant |
| 9:17 | Peasant |
| 9:17 | Peasant |
| 9:25 | Holy Light |
| 9:29 | Lesser Clarity Potion |
| 10:11 | Scout Tower |
| 10:14 | Scout Tower |
| 10:16 | Scout Tower |
| 10:33 | Scroll of Town Portal |
| 10:56 | Scroll of Regeneration |
| 10:56 | Lesser Clarity Potion |
| 10:58 | Ivory Tower |
| 10:58 | Ivory Tower |
| 11:05 | Peasant |
| 11:50 | Guard Tower |
| 12:00 | Scroll of Regeneration |
| 12:36 | Goblin Zeppelin |
| 14:53 | Goblin Zeppelin |
| 16:30 | Devotion Aura |
| 17:03 | Blizzard |
| 17:14 | Tiny Great Hall |
| 19:57 | Holy Light |
| 22:07 | Altar of Kings |
| 22:17 | Devotion Aura |
| 24:42 | Farm |
| Right click | 786 |
| Select group | 349 |
| Select | 309 |
| Build/train/purchase | 88 |
| Use ability | 51 |
| Assign group | 46 |
| Minimap ping | 15 |
| Chat | 7 |
| Item give/drop | 4 |
| Remove unit | 2 |
| Esc | 1 |
⇛